 Dungeon Crawl Stone Soup version 0.29-a0-477-g62b78b4225 (webtiles) character file.

Game seed: 8969024065517456668

22 zeratav the Conjurer (level 2, -1/20 HPs)
             Began as a Gnoll Conjurer on May 24, 2022.
             Slain by a jackal (2 damage)
             ... on level 1 of the Dungeon.
             The game lasted 00:01:53 (495 turns).

zeratav the Conjurer (Gnoll Conjurer)                Turns: 495, Time: 00:01:54

Health: -1/20      AC:  2    Str:  6    XL:     2   Next: 91%
Magic:  4/7        EV: 13    Int: 17    God:
Gold:   27         SH:  0    Dex: 10    Spells: 9/10 levels left

rFire   . . .      SeeInvis .   f - +0 dagger {short}
rCold   . . .      Faith    .   (no shield)
rNeg    . . .      Spirit   .   a - +0 robe
rPois   .          Reflect  .   (no helmet)
rElec   .          Harm     .   (no cloak)
rCorr   .          Rampage  .   (no gloves)
Will    .....                   (no boots)
Stlth   ++........              (no amulet)
HPRegen 0.06/turn               (no ring)
MPRegen 0.10/turn               (no ring)

@: no status effects
A: fangs 1, strong nose, distributed training
a: no special abilities


You were on level 1 of the Dungeon.
You visited 1 branch of the dungeon, and saw 1 of its levels.

You collected 49 gold pieces.
You spent 22 gold pieces at shops.


Innate Abilities, Weirdness & Mutations

You have very sharp teeth.
Your uncanny sense of smell can sniff out nearby items.
Your experience applies equally to all skills.


   Skills:
 + Level 0.5 Fighting
 + Level 0.5 Short Blades
 + Level 0.5 Long Blades
 + Level 0.5 Axes
 + Level 0.5 Maces & Flails
 + Level 0.5 Polearms
 + Level 0.5 Staves
 + Level 0.5 Slings
 + Level 0.5 Bows
 + Level 0.5 Crossbows
 + Level 0.5 Throwing
 + Level 0.5 Armour
 + Level 4.5 Dodging
 + Level 4.1 Stealth
 + Level 0.5 Shields
 + Level 0.5 Unarmed Combat
 + Level 4.9 Spellcasting
 + Level 7.0 Conjurations
 + Level 0.4 Hexes
 + Level 0.4 Summonings
 + Level 0.4 Necromancy
 + Level 0.4 Translocations
 + Level 0.4 Transmutations
 + Level 0.4 Fire Magic
 + Level 0.4 Ice Magic
 + Level 0.4 Air Magic
 + Level 0.4 Earth Magic
 + Level 0.4 Poison Magic
 + Level 0.7 Invocations
 + Level 0.5 Evocations


You had 9 spell levels left.
You knew the following spells:

 Your Spells              Type           Power      Damage    Failure   Level
a - Magic Dart            Conj           100%       1d8       1%          1

Your spell library contained the following spells:

 Spells                   Type           Power      Damage    Failure   Level
 Searing Ray              Conj           56%        2d6       1%          2
 Dazzling Flash           Conj/Hex       32%        N/A       10%         3
 Fulminant Prism          Conj/Hex       8%         3d7       30%         4
 Iskenderun's Mystic Bla  Conj/Tloc      16%        2d5       30%         4

Inventory:

Hand Weapons
 f - a +0 dagger (weapon) {short}
   (You took it off a kobold on level 1 of the Dungeon)
Armour
 a - a +0 robe (worn)
 c - a +0 leather armour
   (You found it on level 1 of the Dungeon)
Scrolls
 d - a scroll of fear {unknown}
Potions
 b - a potion of magic
 e - a potion of ambrosia

Dungeon Overview and Level Annotations

Branches:
Dungeon (1/15)

Altars:

Shops:
D:1

=?[ .# .. .+ ...
.# #.# .# #.# .# ∆
#.# ##. ## ... ...
#l# #.# .## #h#
#.# ... #@# #.#
#.. #.# #.# #..
#.######.##### #..
#.(....†.....# #..
########.###.###..
#..# #...... #.##
#####.# ## ## #.#
#.# ##. ..# #.#
#.#


You could see a jackal and a frilled lizard.


Message History

The jackal closely misses you.
The jackal barks!
You hit the jackal but do no damage. The jackal barely misses you.
You barely miss the jackal. The jackal bites you.
HP[-2]
You take 2 damage, and now have 17/20 hp.
You hit the jackal but do no damage. The jackal closely misses you.
The jackal bites you.
HP[-2]
You take 2 damage, and now have 15/20 hp.
You are too injured to fight recklessly!
You are too injured to fight recklessly!
You are too injured to fight recklessly!
You are too injured to fight recklessly!
You are too injured to fight recklessly!
You are too injured to fight recklessly!
You are too injured to fight recklessly!
You are too injured to fight recklessly!
You are too injured to fight recklessly!
You are too injured to fight recklessly!
You are too injured to fight recklessly!
You are too injured to fight recklessly!
You are too injured to fight recklessly!
You are too injured to fight recklessly!
You are too injured to fight recklessly!
You are too injured to fight recklessly!
You are too injured to fight recklessly!
You are too injured to fight recklessly!
You are too injured to fight recklessly!
You hit the jackal.
You kill the jackal!
You hit the jackal. You bite the jackal, but do no damage.
The jackal closely misses you. x2
You barely miss the jackal. The jackal barely misses you.
You barely miss the jackal. The jackal misses you.
You closely miss the jackal. You punch the jackal. Your bite misses the jackal.
The jackal barely misses you. The jackal bites you.
HP[-1]
You take 1 damage, and now have 14/20 hp.
You hit the jackal but do no damage. The jackal closely misses you.
HP[+1] MP[+1]
You hit the jackal but do no damage. The jackal completely misses you.
The jackal bites you but does no damage.
You hit the jackal but do no damage. The jackal bites you.
HP[-3]
You take 3 damage, and now have 12/20 hp.
You hit the jackal.
You kill the jackal!
You hit the kobold but do no damage. The kobold hits you with a +0 dagger.
* * * LOW HITPOINT WARNING * * *
HP[-2]
You take 2 damage, and now have 10/20 hp.
You closely miss the kobold. The kobold hits you with a +0 dagger.
* * * LOW HITPOINT WARNING * * *
HP[-1]
You take 1 damage, and now have 9/20 hp.
You hit the kobold.
You kill the kobold!
The jackal bites you.
* * * LOW HITPOINT WARNING * * *
HP[-1]
You take 1 damage, and now have 8/20 hp.
You barely miss the jackal. The jackal closely misses you.
You closely miss the jackal. The jackal barely misses you.
You closely miss the jackal. The jackal barely misses you.
The jackal bites you but does no damage.
You hit the jackal. The jackal bites you.
* * * LOW HITPOINT WARNING * * *
HP[-1] MP[+1]
You take 1 damage, and now have 7/20 hp.
You barely miss the jackal. The jackal closely misses you.
You barely miss the jackal. Your bite misses the jackal. The jackal bites you.
* * * LOW HITPOINT WARNING * * *
The jackal barely misses you.
HP[-2]
You take 2 damage, and now have 5/20 hp.
You hit the jackal.
You kill the jackal!
You closely miss the jackal. The jackal bites you.
* * * LOW HITPOINT WARNING * * *
The jackal barely misses you.
HP[-1]
You take 1 damage, and now have 4/20 hp.
You hit the jackal. The jackal misses you.
You hit the jackal. Your bite misses the jackal. The jackal misses you.
You hit the jackal.
You kill the jackal!
HP[+1]
You hit the jackal. The jackal barely misses you.
The jackal closely misses you.
You barely miss the jackal. The jackal bites you.
* * * LOW HITPOINT WARNING * * *
HP[-1]
You take 1 damage, and now have 4/20 hp.
You hit the jackal but do no damage. The jackal barely misses you.
MP[+1]
You barely miss the jackal. The jackal bites you.
* * * LOW HITPOINT WARNING * * *
The jackal bites you.
You die...

Action                   || total
-------------------------++-------
Melee: Dagger            ||    33
       Punch             ||     1
       Bite              ||     1
 Cast: Magic Dart        ||    27
  Use: Scroll            ||     1
Armor: Robe              ||     2
Dodge: Dodged            ||    24

Levels and vault maps discovered:
D:1:      doesnt_arrival_eight_statues, layout_loops_ring, serial_shops,
          nicolae_shop_trees, shop, nicolae_shop_behind_doors, shop,
          nicolae_shop_advertising_works [nicolae_subvault_shop_adworks]

Notes
Turn   | Place    | Note
-------+----------+-------------------------------------------
     0 | D:1      | zeratav the Gnoll Conjurer began the quest for the Orb.
     0 | D:1      | Reached XP level 1. HP: 13/13 MP: 6/6
     0 | D:1      | magus.rc [v1.9.6]
    20 | D:1      | Found Essiusch's Jewellery Boutique.
   167 | D:1      | Found Kifrymio's Magic Scroll Shop.
   173 | D:1      | Bought a scroll of identify for 22 gold pieces
   178 | D:1      | Reached XP level 2. HP: 19/19 MP: 5/7
   347 | D:1      | Found Oloityatt's Armour Emporium.
   486 | D:1      | HP: 5/20 [jackal (2)]
   493 | D:1      | HP: 4/20 [jackal (1)]
   495 | D:1      | HP: 1/20 [jackal (3)]
   495 | D:1      | Slain by a jackal

Vanquished Creatures
  2 ball pythons (D:1)
  An endoplasm (D:1)
  A hobgoblin (D:1)
  7 jackals (D:1)
  A quokka (D:1)
  A bat (D:1)
  4 frilled lizards (D:1)
  2 kobolds (D:1)
  2 rats (D:1)
21 creatures vanquished.

Table legend:
 A = Non-vault XP
 B = Vault XP
 C = Vault XP percentage of total XP
 D = Non-vault monster count
 E = Vault monster count
 F = Vault count percentage of total count
                 A         B        C        D         E       F
            +---------+---------+-------+---------+---------+-------
      Total |      32 |       0 |   0.0 |      21 |       0 |   0.0
            +---------+---------+-------+---------+---------+-------
        D:1 |      32 |       0 |   0.0 |      21 |       0 |   0.0
            +---------+---------+-------+---------+---------+-------

Illustrated notes

Table legend:
 A = Kills in this place as a percentage of kills in entire the game.
 B = Kills by you in this place as a percentage of kills by you in the entire game.
 C = Kills by friends in this place as a percentage of kills by friends in the entire game.
 D = Other kills in this place as a percentage of other kills in the entire game.
 E = Experience gained in this place as a percentage of experience gained in the entire game.
 F = Experience gained in this place divided by the number of levels of this place that you have seen.
                   A       B       C       D       E      F
               +-------+-------+-------+-------+-------+----------------------
         Total | 100.0 | 100.0 |   N/A |   N/A | 100.0 |  32.0
       Dungeon | 100.0 | 100.0 |   N/A |   N/A | 100.0 |  32.0
               +-------+-------+-------+-------+-------+----------------------

Table legend: (Time is in decaauts)
 A = Elapsed time spent in this place.
 B = Non-inter-level travel time spent in this place.
 C = Inter-level travel time spent in this place.
 D = Time resting spent in this place.
 E = Time spent auto-exploring this place.
 F = Levels seen in this place.
 G = Mean time per level.
                   A        B        C        D        E       F      G
               +--------+--------+--------+--------+--------+-----+--------+
         Total |    493 |    493 |      0 |      0 |    412 |   1 |  493.0 |
       Dungeon |    493 |    493 |      0 |      0 |    412 |   1 |  493.0 |
               +--------+--------+--------+--------+--------+-----+--------+

Top non-repeatable levels by time:
     D:1: 493 daAuts
